 Dungeon Crawl Stone Soup version 0.17.1-1-g73c8601 (webtiles) character file.

210308 DeXoteric the Brawler (level 18, -25/153 HPs)
             Began as a Demonspawn Monk on Dec 23, 2015.
             Was a High Priest of Makhleb.
             Blown up by an orb spider (41 damage)
             ... with an orb of destruction
             ... on level 2 of the Spider Nest.
             The game lasted 02:15:29 (40861 turns).

DeXoteric the Brawler (Demonspawn Monk)            Turns: 40861, Time: 02:15:29

Health: -25/153    AC: 21    Str: 18    XL:     18   Next: 18%
Magic:  39/39      EV: 15    Int: 13    God:    Makhleb [*****.]
Gold:   1098       SH: 19    Dex: 28    Spells: 1 memorised, 11 levels left

rFire  + . .     SeeInvis .       - Unarmed
rCold  + . .     Clarity  .     m - +4 ring mail of Mehabb {+Inv rPois rC+}
rNeg   + + +     SustAt   .     L - +2 large shield {rN+}
rPois  +         Gourm    .     (helmet unavailable)
rElec  .         Spirit   .     o - +1 cloak
rCorr  +         Warding  .     y - +2 pair of gloves {Dex+3}
rMut   .         Stasis   .     M - +0 pair of boots
MR     ++...                    a - amulet of resist corrosion
Stlth  ++........               S - ring "Kodoraki" {rN+ MR+ MP+9 Dex+2}
                                W - ring of Momy {*Confuse rN+ Dex+7 Slay+5}

@: very slightly contaminated, very resistant to hostile enchantments,
unstealthy
A: horns 3, rugged brown scales 2, fire resistance 1, spiny 2, augmentation 1,
flame cloud immunity
a: Minor Destruction, Lesser Servant of Makhleb, Major Destruction, Greater
Servant of Makhleb, Renounce Religion, Evoke Invisibility
}: 1/15 runes: barnacled


You were on level 2 of the Spider Nest.
You worshipped Makhleb.
Makhleb was extremely pleased with you.
You were not hungry.

You visited 6 branches of the dungeon, and saw 34 of its levels.
You also visited: Labyrinth and Ice Cave.

You collected 4606 gold pieces.
You spent 3508 gold pieces at shops.

Inventory:

Armour
 m - the +4 ring mail of Mehabb (worn) {+Inv rPois rC+}
   (You bought it in a shop on level 4 of the Orcish Mines)

   It protects you from cold.
   It protects you from poison.
   It lets you turn invisible.
 o - a +1 cloak (worn)
 y - a +2 pair of gloves of dexterity (worn)
 L - a +2 large shield of positive energy (worn)
 M - a +0 pair of boots (worn)
Jewellery
 a - an amulet of resist corrosion (around neck)
 S - the ring "Kodoraki" (right hand) {rN+ MR+ MP+9 Dex+2}
   (You bought it in a shop on level 11 of the Dungeon)

   [ring of positive energy]

   It affects your dexterity (+2).
   It protects you from negative energy.
   It affects your resistance to hostile enchantments.
   It affects your magic capacity (+9).
 W - the ring of Momy (left hand) {*Confuse rN+ Dex+7 Slay+5}
   (You found it on level 4 of the Shoals)

   [ring of positive energy]

   It affects your dexterity (+7).
   It affects your accuracy and damage with ranged weapons and melee attacks
   (+5).
   It protects you from negative energy.
   It may confuse you when you take damage.
Wands
 q - a wand of digging (14)
 w - a wand of heal wounds (4)
 H - a wand of invisibility (4)
 V - a wand of disintegration (3)
 Y - a wand of teleportation (7)
Scrolls
 c - a scroll of identify
 d - 14 scrolls of remove curse
 f - 2 scrolls of fog
 h - 11 scrolls of enchant armour
 k - 11 scrolls of teleportation
 l - 8 scrolls of amnesia {unknown}
 r - 2 scrolls of magic mapping
 t - 10 scrolls of enchant weapon
 z - 3 scrolls of recharging
 D - 2 scrolls of summoning {unknown}
 E - a scroll of holy word {unknown}
 F - a scroll of silence {unknown}
 K - 2 scrolls of random uselessness {unknown}
 R - a scroll of torment {unknown}
 T - 8 scrolls of fear
 U - a scroll of blinking
Potions
 e - a potion of magic
 g - 5 potions of brilliance
 i - 5 potions of heal wounds
 j - 2 potions of resistance
 n - 4 potions of flight
 p - 7 potions of might
 u - 4 potions of cancellation
 v - 2 potions of invisibility
 x - a potion of lignification {unknown}
 A - 14 potions of curing
 G - 7 potions of haste
 I - a potion of cure mutation
 N - 5 potions of agility
Miscellaneous
 C - a phial of floods
Comestibles
 b - 15 bread rations
 s - 3 chunks of flesh
 B - 7 meat rations


   Skills:
 + Level 14.1 Fighting
 + Level 11.3 Armour
 + Level 11.5 Dodging
 - Level 1.7 Stealth
 + Level 7.9 Shields
 + Level 17.7 Unarmed Combat
 - Level 17.0 Invocations


You had 11 spell levels left.
You knew the following spells:

 Your Spells              Type           Power        Failure   Level  Hunger
a - Statue Form           Trmt/Erth      #........    100%        6    #######


Dungeon Overview and Level Annotations

Branches:
Dungeon (15/15)            Temple (1/1) D:6            Lair (8/8) D:11
 Shoals (4/4) Lair:3       Spider (2/4) Lair:5        Slime (0/6) Lair:6
    Orc (4/4) D:10            Elf (0/3) Orc:4        Vaults (0/5) D:13
 Depths (0/5) D:15

Altars:
Ashenzari
Cheibriados
Dithmenos
Elyvilon
Fedhas
Gozag
Kikubaaqudgha
Makhleb
Nemelex Xobeh
Okawaru
Qazlal
Ru
Sif Muna
Trog
Vehumet
Xom
Yredelemnul
Zin
The Shining One
Beogh
Jiyva

Shops:
D:6 [   D:11 *   D:14 ?%(   D:15 =   Orc:4 ??([

Annotations:
D:6 Sigmund
Lair:6 1 runed door
Shoals:2 exclusion: water nymph


Innate Abilities, Weirdness & Mutations

You have a pair of large horns on your head.
You are mostly covered in rugged brown scales (AC +2, +5% HP).
Your flesh is heat resistant.
You are mostly covered in sharp spines.
Your magical and physical power is slightly enhanced at high health.
You are immune to clouds of flame.


Message History

The jumping spider leaps!
The demonic crawler is struck by your spines.
The demonic crawler hits you.
* * * LOW HITPOINT WARNING * * *
The demonic crawler closely misses you.
The demonic crawler hits you but does no damage.
The spider is struck by your spines. The spider barely misses you.
You take 4 damage, and have 15/153 hp.
Read which item? (? for menu, Esc to quit)
Blink to where?
You are very lightly contaminated with residual magic.
As you read the scroll of blinking, it crumbles to dust.
The orb spider weaves a glowing orb of energy.
The jumping spider leaps! x2
The jumping spider leaps! x2
You block the jumping spider's attack. x2
The jumping spider misses you. The jumping spider closely misses you.
There is a stone staircase leading down here.
The orb of destruction hits you!
You die...

#..#.#........##.. ##
##...#.....#.....#
#.....##.#^#..#.
#......#>†.#...
#^#......#...#### ..
#......#.#......#....
#.#..#...#.†.#..#....
#...#....s..§.....##
#....^#...6s..#.....
#.^.#......§..s^..#
#####....##§..##.....
######sss.# ....
##...§..# #..
#.§.s..)# # #.s†.####
#§s### #^^#


You could see an orb spider, 3 jumping spiders and a spider.

Vanquished Creatures
  2 krakens (Shoals:1)
  Kirke (D:14)
  Roxanne (Spider:1)
  Ilsuiw (Shoals:4)
  Maud (Orc:3)
  Aizul (Spider:1)
  A war gargoyle (D:12)
  A salamander stormcaller (D:15)
  Azrael (D:15)
  A fire dragon (Lair:8)
  A merfolk javelineer (Shoals:4)
  2 blizzard demons (IceCv)
  10 merfolk impalers
  A minotaur (Lab)
  14 hydras
  2 rakshasas (D:15)
  2 entropy weavers (Spider:1)
  A catoblepas (D:13)
  4 merfolk avatars
  2 ogre magi
  3 centaur warriors
  29 death yaks
  2 satyrs (Shoals:2)
  3 merfolk aquamancers (Shoals:4)
  2 tengu warriors (D:15)
  2 orc high priests (Orc:4)
  Urug (Lair:5)
  Nergalle (Lair:2)
  A deep elf knight (D:13)
  3 ice devils (IceCv)
  A giant orange brain (D:15)
  7 sea snakes
  2 unseen horrors
  6 hill giants
  A giant orange brain (shapeshifter) (D:12)
  A deep elf summoner (D:11)
  2 lindwurms (Lair:8)
  5 orc knights
  15 wolf spiders
  An oklob plant (Lair:5)
  2 hornets (Spider:1)
  5 orb spiders
  6 harpies
  8 fauns
  4 orc sorcerers
  8 griffons
  12 cyclopes
  2 ugly things
  6 water nymphs
  4 sirens
  13 elephants
  Maurice (D:9)
  10 manticores
  5 black mambas
  3 ice statues (IceCv)
  18 spiny frogs
  A komodo dragon (shapeshifter) (D:12)
  8 torpor snails
  3 gargoyles
  An efreet (D:14)
  4 yaktaurs (D:15)
  4 fire drakes
  11 jumping spiders
  A golden dragon simulacrum (IceCv)
  8 komodo dragons
  3 demonic crawlers
  24 merfolk
  An anaconda simulacrum (IceCv)
  5 trolls
  3 giant leeches (Lair:8)
  4 blue devils (IceCv)
  A queen bee (shapeshifter) (D:15)
  3 wind drakes
  Prince Ribbit (D:7)
  3 two-headed ogres
  A boulder beetle (shapeshifter) (D:15)
  A trapdoor spider zombie (D:11)
  19 blink frogs
  A centaur simulacrum (D:14)
  A harpy skeleton (D:13)
  10 slime creatures
  2 boulder beetles (Lair:8)
  12 snapping turtles
  5 water elementals
  8 wyverns
  7 tarantellas
  3 fire elementals (D:15)
  5 deep elf magi
  4 wraiths
  4 hogs (D:14)
  12 redbacks (Spider:1)
  5 trapdoor spiders
  10 deep elf fighters (D:11)
  A vampire (D:14)
  58 yaks
  19 hippogriffs
  A human (D:8)
  8 basilisks
  3 hungry ghosts
  A mottled dragon (D:14)
  Menkaure (D:7)
  21 wolves
  A steam dragon (D:6)
  A soldier ant (D:12)
  2 harpy simulacra (IceCv)
  4 hydra simulacra (IceCv)
  5 wargs
  4 hell hounds
  2 iron troll simulacra (IceCv)
  20 water moccasins
  13 porcupines
  Duvessa (D:7)
  28 orc warriors
  An ice beast (shapeshifter) (D:15)
  3 black bears
  An eye of draining (D:14)
  4 wasps
  6 spiders (Spider:2)
  3 phantoms
  A black bear (shapeshifter) (D:15)
  5 ice beasts
  15 ogres
  3 sky beasts
  12 crocodiles
  13 centaurs
  4 brain worms
  Blork the orc (D:4)
  31 giant frogs
  A big kobold (D:9)
  Dowan (D:7)
  5 scorpions
  7 crimson imps
  21 killer bees
  3 wights (D:6)
  A wasp zombie (D:12)
  7 electric eels
  3 giant frog zombies
  3 centaur zombies
  A giant frog skeleton (D:10)
  7 centaur skeletons
  3 hounds
  35 orc wizards
  31 orc priests
  3 jellies
  14 iguanas
  12 worker ants
  30 sheep
  A killer bee zombie (D:8)
  A hound skeleton (D:5)
  A gnoll (D:5)
  A worker ant zombie (D:10)
  14 adders
  63 river rats
  6 shadow imps
  20 worms
  192 orcs
  12 bats
  6 giant cockroaches
  6 goblins
  A hobgoblin (D:2)
  4 quokkas
  A ball python (D:3)
  11 giant geckos
  A giant gecko zombie (D:5)
  11 giant newts
  17 jackals
  2 jackal zombies (D:5)
  9 kobolds
  A kobold zombie (D:5)
  An orc zombie (D:5)
  A quokka skeleton (D:9)
  4 rats
  A bush (Lair:5)
  2 plants
  12 tentacles (Shoals:1)
  2 tentacle segments (Shoals:1)
1333 creatures vanquished.

Vanquished Creatures (collateral kills)
  Rupert (Orc:4)
  Gastronok (Lair:2)
  Louise (Spider:1)
  A merfolk impaler (Shoals:4)
  A hydra (Lair:2)
  A satyr (Shoals:4)
  3 merfolk aquamancers (Shoals:4)
  The ghost of Acur the Carver, a novice OpFi of Dithmenos (D:8)
  An orc high priest (Orc:4)
  4 sea snakes
  2 harpies (Shoals:1)
  2 hill giants
  2 griffons (Shoals:1)
  A manticore (Shoals:4)
  A water nymph (Shoals:4)
  An orc knight (Orc:4)
  A siren (Shoals:4)
  A fire drake (Lair:6)
  2 merfolk (Shoals:4)
  A blink frog (Lair:5)
  A wyvern (Lair:6)
  2 hippogriffs
  A wolf (Lair:3)
  5 orc warriors
  An orc priest (Orc:4)
  An orc wizard (D:10)
40 creatures vanquished.

Vanquished Creatures (others)
  An elephant (Lair:8)
  A centaur zombie (D:15)
  A komodo dragon (Lair:8)
  A two-headed ogre (D:15)
  A shadow imp (D:15)
  An orc (D:15)
  9 fungi
  21 plants
  15 tentacles (Shoals:1)
  1399 tentacle segments (Shoals:1)
1450 creatures vanquished.

Grand Total: 2823 creatures vanquished

Notes
Turn   | Place    | Note
--------------------------------------------------------------
     0 | D:1      | DeXoteric the Demonspawn Monk began the quest for the Orb.
     0 | D:1      | Reached XP level 1. HP: 18/18 MP: 1/1
   234 | D:1      | Reached skill level 4 in Unarmed Combat
   235 | D:1      | Gained mutation: You have a pair of small horns on your head. [demonic ancestry]
   235 | D:1      | Reached XP level 2. HP: 14/24 MP: 2/2
   965 | D:2      | Gained mutation: Your flesh is heat resistant. [demonic ancestry]
   965 | D:2      | Reached XP level 3. HP: 29/29 MP: 3/3
  1864 | D:3      | Reached skill level 5 in Unarmed Combat
  2326 | D:2      | Found a shattered altar of Ashenzari.
  2603 | D:3      | Gained mutation: You are immune to clouds of flame. [demonic ancestry]
  2603 | D:3      | Reached XP level 4. HP: 35/35 MP: 4/4
  3200 | D:4      | Gained mutation: You are partially covered in rugged brown scales (AC +1, +3% HP). [demonic ancestry]
  3200 | D:4      | Reached XP level 5. HP: 32/42 MP: 5/5
  3203 | D:4      | Reached skill level 6 in Unarmed Combat
  3677 | D:4      | Noticed a centaur
  3740 | D:4      | Noticed Blork the orc
  3918 | D:4      | Killed Blork the orc
  3918 | D:4      | Gained mutation: You have a pair of horns on your head. [demonic ancestry]
  3918 | D:4      | Reached XP level 6. HP: 34/48 MP: 6/6
  4049 | D:4      | HP: 2/48 [centaur (4)]
  4050 | D:4      | Killed a centaur
  4050 | D:4      | Reached skill level 7 in Unarmed Combat
  4428 | D:4      | Noticed an ogre
  4570 | D:4      | Killed an ogre
  4728 | D:4      | Found a sacrificial altar of Ru.
  4893 | D:5      | Entered Level 5 of the Dungeon
  4938 | D:5      | Reached skill level 8 in Unarmed Combat
  4938 | D:5      | Gained mutation: You are mostly covered in rugged brown scales (AC +2, +5% HP). [demonic ancestry]
  4938 | D:5      | Reached XP level 7. HP: 48/54 MP: 7/7
  5229 | D:5      | Reached skill level 9 in Unarmed Combat
  5361 | D:5      | Gained mutation: You are partially covered in sharp spines. [demonic ancestry]
  5361 | D:5      | Reached XP level 8. HP: 48/60 MP: 8/8
  5608 | D:5      | Reached skill level 10 in Unarmed Combat
  5894 | D:5      | Gained mutation: Your mind is acute. (Int +2) [potion of beneficial mutation]
  5913 | D:6      | Noticed Sigmund
  6050 | D:6      | Found Miepp's Antique Armour Boutique.
  6218 | D:6      | Reached skill level 11 in Unarmed Combat
  6446 | D:6      | Reached XP level 9. HP: 45/66 MP: 9/9
  6861 | D:6      | Found a shadowy altar of Dithmenos.
  6871 | D:6      | Bought a pair of runed gloves for 135 gold pieces
  7411 | D:6      | Found a staircase to the Ecumenical Temple.
  7417 | Temple   | Entered the Ecumenical Temple
  7577 | Temple   | Became a worshipper of Makhleb the Destroyer
  7577 | Temple   | Reached * piety under Makhleb
  7577 | Temple   | Reached ** piety under Makhleb
  7680 | D:7      | Noticed Duvessa
  7680 | D:7      | Noticed Dowan
  7698 | D:7      | Killed Duvessa
  7698 | D:7      | Reached skill level 1 in Invocations
  7756 | D:7      | Killed Dowan
  8021 | D:7      | Found an iron altar of Okawaru.
  8115 | D:7      | Noticed Menkaure
  8127 | D:7      | Killed Menkaure
  8314 | D:7      | Reached skill level 12 in Unarmed Combat
  8318 | D:7      | Noticed Prince Ribbit
  8698 | D:7      | Learned a level 6 spell: Statue Form
  8708 | D:7      | Reached *** piety under Makhleb
  8806 | D:7      | Killed Prince Ribbit
  8806 | D:7      | Reached skill level 5 in Invocations
  8836 | D:7      | Reached skill level 5 in Fighting
  8892 | D:7      | Gained mutation: You are mostly covered in sharp spines. [demonic ancestry]
  8892 | D:7      | Reached XP level 10. HP: 77/77 MP: 13/13
  9038 | D:8      | Found a glowing silver altar of Zin.
  9152 | D:8      | Found a sparkling altar of Nemelex Xobeh.
  9162 | D:8      | Got an ancient tin ring
  9165 | D:8      | Identified the ring "Tuipsax" {*Contam *Corrode +Inv +Fly Dex+7} (You found it on level 8 of the Dungeon)
  9206 | D:8      | Noticed Acur's ghost (novice OpFi)
  9216 | D:8      | Killed Acur's ghost
  9535 | D:8      | Found a sacrificial altar of Ru.
  9538 | D:8      | Found a blossoming altar of Fedhas.
  9541 | D:8      | Found a shimmering altar of Xom.
  9653 | D:8      | Found a stormy altar of Qazlal.
  9717 | D:8      | Found a basalt altar of Yredelemnul.
  9720 | D:8      | Found a glowing silver altar of Zin.
  9722 | D:8      | Found a radiant altar of Vehumet.
  9894 | D:9      | Noticed Maurice
  9912 | D:9      | Killed Maurice
  9979 | D:9      | Reached **** piety under Makhleb
 10129 | D:9      | Reached skill level 13 in Unarmed Combat
 10241 | D:9      | Noticed a five-headed hydra
 10255 | D:9      | Killed a five-headed hydra
 10255 | D:9      | Reached XP level 11. HP: 57/88 MP: 17/17
 11018 | D:10     | Entered Level 10 of the Dungeon
 11389 | D:10     | Noticed a hill giant
 11398 | D:10     | Killed a hill giant
 11571 | D:10     | Found a staircase to the Orcish Mines.
 11616 | D:10     | Noticed a hill giant
 11626 | D:10     | Killed a hill giant
 11761 | D:11     | Reached skill level 10 in Invocations
 11765 | D:11     | Found a staircase to the Lair.
 11783 | D:11     | Reached ***** piety under Makhleb
 11889 | D:11     | Found Yninn's Assorted Antiques.
 11917 | D:11     | Bought a silver wand for 108 gold pieces
 11917 | D:11     | Bought a scorched pewter ring for 135 gold pieces
 11917 | D:11     | Identified the ring "Kodoraki" {rN+ MR+ MP+9 Dex+2} (You bought it in a shop on level 11 of the Dungeon)
 11919 | D:11     | Bought a fizzy orange potion for 24 gold pieces
 11919 | D:11     | Bought a scroll labeled JOETOR ZUSAADWUYD for 27 gold pieces
 11919 | D:11     | Bought a scroll labeled ZIOROA CUKO for 27 gold pieces
 12033 | D:11     | Noticed a hill giant
 12043 | D:11     | Killed a hill giant
 12336 | D:11     | Noticed a deep elf summoner
 12353 | D:11     | Killed a deep elf summoner
 12573 | D:11     | Reached XP level 12. HP: 61/100 MP: 20/20
 12899 | D:11     | Noticed a hill giant
 12913 | D:11     | Killed a hill giant
 13328 | D:11     | Reached skill level 14 in Unarmed Combat
 13555 | D:11     | Noticed a hill giant
 13561 | D:11     | Killed a hill giant
 13643 | D:11     | Reached skill level 10 in Fighting
 13718 | Lair:1   | Entered Level 1 of the Lair of Beasts
 13957 | D:6      | Bought a hat for 120 gold pieces
 13957 | D:6      | Bought a pair of boots for 135 gold pieces
 14342 | Lair:1   | Noticed a five-headed hydra
 14359 | Lair:1   | Killed a five-headed hydra
 14464 | Lair:1   | Reached skill level 1 in Armour
 15177 | Lair:2   | Noticed Nergalle
 15228 | Lair:2   | Killed Nergalle
 15355 | Lair:2   | Noticed a five-headed hydra
 15368 | Lair:2   | Killed a five-headed hydra
 15372 | Lair:2   | Noticed Gastronok
 15400 | Lair:2   | Killed Gastronok
 15653 | Lair:2   | Reached skill level 5 in Dodging
 15875 | Lair:2   | Reached XP level 13. HP: 108/108 MP: 22/22
 16026 | Lair:2   | Reached ****** piety under Makhleb
 16279 | Lair:3   | Noticed Urug
 17059 | Lair:3   | Got a crude buckler
 17066 | Lair:3   | Identified the +3 buckler of Apathy {Str+4 Dex+3} (You found it on level 3 of the Lair of Beasts)
 17553 | Lair:3   | Reached skill level 1 in Shields
 18023 | Lair:3   | Found a staircase to the Shoals.
 18241 | Lair:4   | Got a pitted leather armour
 18253 | Lair:4   | Identified the +3 leather armour of the Republic {*Contam rF+ Regen+ Str-3} (You found it on level 4 of the Lair of Beasts)
 18276 | Lair:4   | Lost mutation: Your mind is acute. (Int +2) [mutagenic glow]
 18301 | Lair:4   | Reached skill level 15 in Unarmed Combat
 19735 | Lair:5   | Found a hole to the Spider Nest.
 20139 | Lair:5   | Reached XP level 14. HP: 111/115 MP: 25/25
 20537 | Lair:5   | Killed Urug
 20537 | Lair:5   | Reached skill level 15 in Invocations
 20656 | Lair:5   | Reached skill level 5 in Shields
 21185 | Lair:6   | Reached skill level 5 in Armour
 22414 | Lair:6   | Found a runed door.
 22417 | Lair:6   | Found a viscous altar of Jiyva.
 22418 | Lair:6   | Found a staircase to the Slime Pits.
 23246 | Lair:7   | Reached XP level 15. HP: 121/123 MP: 26/26
 23452 | Lair:8   | Entered Level 8 of the Lair of Beasts
 23458 | Lair:8   | Reached skill level 16 in Unarmed Combat
 24001 | Lair:8   | Got a crude whip
 24135 | Lair:8   | Found a runed door.
 25527 | Orc:1    | Entered Level 1 of the Orcish Mines
 25586 | Orc:1    | Found a roughly hewn altar of Beogh.
 26103 | Orc:2    | Found a roughly hewn altar of Beogh.
 26681 | Orc:3    | Noticed Maud
 26693 | Orc:3    | Killed Maud
 26709 | Orc:3    | Found a bloodstained altar of Trog.
 27033 | Orc:4    | Entered Level 4 of the Orcish Mines
 27033 | Orc:4    | Noticed Rupert
 27034 | Orc:4    | Paralysed by Rupert for 3 turns
 27050 | Orc:4    | Killed Rupert
 27220 | Orc:4    | Found a staircase to the Elven Halls.
 28045 | Orc:4    | Found Naoheso's Magic Scroll Emporium.
 28045 | Orc:4    | Found Xif Tupa's Magic Scroll Shop.
 28047 | Orc:4    | Found Oryboocy's Antique Weapon Emporium.
 28047 | Orc:4    | Found Tisho's Armour Shop.
 28059 | Orc:4    | Bought a scroll of acquirement for 832 gold pieces
 28059 | Orc:4    | Bought a scroll of identify for 32 gold pieces
 28059 | Orc:4    | Bought a scroll of enchant armour for 120 gold pieces
 28059 | Orc:4    | Bought a scroll of enchant armour for 120 gold pieces
 28059 | Orc:4    | Bought a scroll of identify for 32 gold pieces
 28059 | Orc:4    | Bought a scroll of blinking for 120 gold pieces
 28064 | Orc:4    | Bought a scroll of identify for 36 gold pieces
 28064 | Orc:4    | Bought a scroll of identify for 36 gold pieces
 28064 | Orc:4    | Bought a scroll of recharging for 171 gold pieces
 28064 | Orc:4    | Bought a scroll of enchant armour for 135 gold pieces
 28064 | Orc:4    | Bought a scroll of identify for 36 gold pieces
 28064 | Orc:4    | Bought a scroll of magic mapping for 63 gold pieces
 28074 | Orc:4    | Bought the +4 ring mail of Mehabb {+Inv rPois rC+} for 688 gold pieces
 28210 | Orc:1    | Paralysed by an orc sorcerer for 7 turns
 28736 | D:12     | Identified a +0 rod of destruction (11/11) (You found it on level 12 of the Dungeon)
 29094 | D:13     | Found a labyrinth entrance.
 29112 | D:13     | Got a shimmering plate armour
 29128 | D:13     | Gained mutation: Your magical and physical power is slightly enhanced at high health. [demonic ancestry]
 29128 | D:13     | Reached XP level 16. HP: 133/133 MP: 28/28
 29206 | D:13     | Found a gate to the Vaults.
 29262 | Lab      | Entered a labyrinth
 29408 | Lab      | Identified a +1 rod of ignition (12/12) (You found it on level 13 of the Dungeon)
 29411 | Lab      | Identified the +1 plate armour of Distant Shores {rElec rN++ MP-9} (You found it on level 13 of the Dungeon)
 29419 | Lab      | Identified a +5 rod of ignition (12/12) (You found it in a labyrinth)
 29523 | D:13     | Reached skill level 17 in Invocations
 30221 | D:14     | Found Xitu's Magic Scroll Emporium.
 30224 | D:14     | Bought a scroll of identify for 26 gold pieces
 30224 | D:14     | Bought a scroll of recharging for 123 gold pieces
 30224 | D:14     | Bought a scroll of identify for 26 gold pieces
 30224 | D:14     | Bought a scroll of identify for 26 gold pieces
 30224 | D:14     | Bought a scroll of recharging for 123 gold pieces
 30224 | D:14     | Bought a scroll of identify for 26 gold pieces
 30224 | D:14     | Bought a scroll of fog for 26 gold pieces
 30300 | D:14     | Found Ynnueset's Food Boutique.
 30321 | D:14     | Got a dazzling plate armour
 30342 | D:14     | Identified the +2 plate armour of Vaetsaol {rCorr Str-3 Int+7} (You found it on level 14 of the Dungeon)
 30541 | D:14     | Noticed Kirke
 30815 | D:14     | Killed Kirke
 30832 | D:14     | Found Maja's Antique Weapon Shoppe.
 31188 | D:14     | Got a jewelled scale mail
 31200 | D:14     | Identified the +3 scale mail of Ybbigh {Regen+ Str+4} (You found it on level 14 of the Dungeon)
 31413 | D:15     | Entered Level 15 of the Dungeon
 31702 | D:15     | Noticed Azrael
 31726 | D:15     | Killed Azrael
 32006 | D:15     | Got an ancient buckler
 32017 | D:15     | Identified the cursed +0 buckler of the Cast Vote {Int+6 Dex+3} (You found it on level 15 of the Dungeon)
 32060 | D:15     | Found Xaall's Jewellery Shoppe.
 32651 | D:15     | Found a staircase to the Depths.
 32930 | Shoals:1 | Entered Level 1 of the Shoals
 32974 | Shoals:1 | Reached skill level 10 in Dodging
 34038 | Shoals:1 | Reached skill level 10 in Armour
 34493 | Shoals:1 | Identified the Almanac of Flamy Attacks
 34907 | Shoals:2 | Reached XP level 17. HP: 140/142 MP: 29/29
 35483 | Shoals:3 | Found a frozen archway.
 35487 | IceCv    | Entered an ice cave
 36323 | IceCv    | Got a dazzling chain mail
 36337 | IceCv    | Identified the +8 chain mail "Ypuhuekuann" {-Cast rElec rPois MR- Str+4} (You found it in an ice cave)
 36352 | IceCv    | Got a pair of shimmering gloves
 36363 | IceCv    | Identified the +0 pair of gloves of Broken Taboos {rN+} (You acquired it in an ice cave)
 37209 | Shoals:4 | Entered Level 4 of the Shoals
 37303 | Shoals:4 | Got a barnacled rune of Zot
 37374 | Shoals:4 | HP: 6/143 [water nymph/the raging water (30)]
 37394 | Shoals:4 | Got a glittering golden ring
 37691 | Shoals:4 | Identified the ring of Momy {*Confuse rN+ Dex+7 Slay+5} (You found it on level 4 of the Shoals)
 37806 | Shoals:4 | Noticed Ilsuiw
 37823 | Shoals:4 | Killed Ilsuiw
 38237 | Shoals:4 | Got a fine diamond amulet
 38239 | Shoals:4 | Identified the amulet "Seiche" {Faith Str+7} (You took it off a merfolk impaler on level 4 of the Shoals)
 39083 | Spider:1 | Entered Level 1 of the Spider Nest
 39126 | Spider:1 | Noticed Roxanne
 39146 | Spider:1 | Killed Roxanne
 39148 | Spider:1 | Identified Roxanne's Collected Works on Unstable Clay (You took it off Roxanne on level 1 of the Spider Nest)
 39383 | Spider:1 | Noticed Louise
 39406 | Spider:1 | Killed Louise
 39732 | Spider:1 | Noticed Aizul
 39744 | Spider:1 | Killed Aizul
 39862 | Spider:1 | Got a warped granite ring
 39863 | Spider:1 | Identified the ring "Wias" {Str+2 Int+2 Dex+3} (You found it on level 1 of the Spider Nest)
 39902 | Spider:1 | Gained mutation: You have a pair of large horns on your head. [demonic ancestry]
 39902 | Spider:1 | Reached XP level 18. HP: 133/152 MP: 30/30
 40861 | Spider:2 | Blown up by an orb spider

Action                   |  1- 3 |  4- 6 |  7- 9 | 10-12 | 13-15 | 16-18 || total
-------------------------+-------+-------+-------+-------+-------+-------++-------
Melee: Unarmed           |   141 |   158 |   265 |   658 |  1687 |  1317 ||  4226
Invok: Lesser Servant of |       |       |       |     8 |     5 |       ||    13
       Minor Destruction |       |       |       |       |     4 |       ||     4
       Greater Servant o |       |       |       |       |     3 |     9 ||    12
       Major Destruction |       |       |       |       |       |     1 ||     1
Evoke: Wand              |       |       |       |       |     8 |     7 ||    15
  Use: Scroll            |       |     3 |     9 |     6 |    13 |    20 ||    51
       Potion            |       |       |     2 |       |       |     4 ||     6
 Stab: Sleeping          |     4 |       |       |       |     1 |    11 ||    16
       Distracted        |       |       |       |     4 |     4 |     9 ||    17
       Invisible         |       |       |       |       |       |     3 ||     3
  Eat: Chunk             |     4 |     9 |     7 |    17 |    43 |    29 ||   109
       Meat ration       |       |       |     1 |       |       |     2 ||     3
       Pizza             |       |       |       |     1 |     1 |       ||     2
       Bread ration      |       |       |       |     1 |       |     1 ||     2
